 Dungeon Crawl Stone Soup version 0.28-a0-653-g7e9dba17c3 (webtiles) character file.

Game seed: 2158769540510940931

3 lawman0 the Stinger (level 1, 0/16 HPs)
             Began as an Ogre Venom Mage on Oct 11, 2021.
             Slain by a jackal (1 damage)
             ... on level 1 of the Dungeon.
             The game lasted 00:00:32 (151 turns).

lawman0 the Stinger (Ogre Venom Mage)                Turns: 151, Time: 00:00:33

Health: 0/16       AC:  3    Str: 11    XL:     1   Next: 50%
Magic:  0/4        EV:  9    Int: 16    God:
Gold:   17         SH:  0    Dex:  9    Spells: 4/5 levels left

rFire   . . .      SeeInvis .   b - +0 hand axe
rCold   . . .      Faith    .   (no shield)
rNeg    . . .      Spirit   .   a - +0 robe
rPois   .          Reflect  .   (helmet restricted)
rElec   .          Harm     .   (no cloak)
rCorr   .          Rampage  .   (gloves unavailable)
Will    .....                   (boots unavailable)
Stlth   +.........              (no amulet)
HPRegen 0.05/turn               (no ring)
MPRegen 0.09/turn               (no ring)

@: no status effects
A: large, unfitting armour, tough skin 1
a: no special abilities


You were on level 1 of the Dungeon.
You visited 1 branch of the dungeon, and saw 1 of its levels.

You collected 17 gold pieces.

Inventory:

Hand Weapons
 b - a +0 hand axe (weapon)
Armour
 a - a +0 robe (worn)


   Skills:
 + Level 1.8 Dodging
 + Level 1.4 Stealth
 + Level 2.5 Spellcasting
 + Level 0.8 Transmutations
 + Level 2.8 Poison Magic


You had 4 spell levels left.
You knew the following spells:

 Your Spells              Type           Power      Damage    Failure   Level
a - Sting                 Tmut/Pois      28%        1d4       10%         1

Your spell library contained the following spells:

 Spells                   Type           Power      Damage    Failure   Level
 Poisonous Vapours        Pois/Air       12%        N/A       17%         2
 Mephitic Cloud           Conj/Pois/Air  4%         N/A       38%         3
 Olgreb's Toxic Radiance  Pois           10%        N/A       52%         4


Dungeon Overview and Level Annotations

Branches:
Dungeon (1/15)

Altars:

Shops:
D:1 :


Innate Abilities, Weirdness & Mutations

You are too large for most types of armour.
You have tough skin. (AC +1)


Message History

Casting: Sting (safe; 10% risk of failure)
Confirm with . or Enter, or press ? or * to list all spells.
You don't have enough magic to cast this spell.
Unknown command.
Unknown command.
Casting: Sting (safe; 10% risk of failure)
Confirm with . or Enter, or press ? or * to list all spells.
You don't have enough magic to cast this spell.
You barely miss the jackal.
The jackal bites you but does no damage.
The jackal barely misses you.
You hit the jackal.
You kill the jackal!
You closely miss the jackal. You completely miss the hobgoblin.
You hit the jackal. The jackal bites you.
The jackal bites you but does no damage.
The jackal barely misses you.
The hobgoblin hits you but does no damage.
The jackal bites you but does no damage.
You hit the jackal but do no damage.
The jackal is moderately wounded.
You barely miss the hobgoblin. You closely miss the jackal.
The jackal barely misses you. x2; The hobgoblin hits you.
The jackal bites you. The jackal completely misses you.
You hit the jackal.
The jackal is severely wounded.
You closely miss the jackal. You hit the hobgoblin but do no damage.
The hobgoblin hits you.
The jackal bites you but does no damage. x2
The hobgoblin hits you.
* * * LOW HITPOINT WARNING * * *
The jackal bites you.
* * * LOW HITPOINT WARNING * * *
The jackal bites you.
* * * LOW HITPOINT WARNING * * *
Your magical contamination has completely faded away.
You hit the jackal but do no damage.
The jackal is severely wounded.
You barely miss the jackal. You hit the hobgoblin. The jackal bites you.
You die...

.. ###....... .. ... ..
#......... ...
.....######.........
...##.###...............
....#...#####.........
#.......).............
..#.#...###.............
#w...†h....########....
#..h@....#......#....
#..g.....#...[..'.###
#....#..#####..8...#.#
#..# #..#...#......#.#
#. #..#...'......#.. #
...#...######'#####
....##'##<#.........
..#...#..#'#.........
#.##.. #..'.#.........


You could see a dart slug, 2 jackals and a hobgoblin.

Vanquished Creatures
  An endoplasm (D:1)
  A jackal (D:1)
  A bat (D:1)
3 creatures vanquished.

Notes
Turn   | Place    | Note
-------+----------+-------------------------------------------
     0 | D:1      | lawman0 the Ogre Venom Mage began the quest for the Orb.
     0 | D:1      | Reached XP level 1. HP: 16/16 MP: 3/3
   103 | D:1      | Found Qyq Xumuagi's Book Boutique.
   151 | D:1      | Slain by a jackal

Illustrated notes

Levels and vault maps discovered:
D:1:      evilmike_arrival_fibonacci_small, layout_rooms, serial_shops,
          shop_statue, minmay_pentomino_z2

Action                   || total
-------------------------++-------
Melee: Hand axe          ||     7
 Cast: Sting             ||     5
Armor: Robe              ||     9
Dodge: Dodged            ||     8

Table legend: (Time is in decaauts)
 A = Elapsed time spent in this place.
 B = Non-inter-level travel time spent in this place.
 C = Inter-level travel time spent in this place.
 D = Time resting spent in this place.
 E = Time spent auto-exploring this place.
 F = Levels seen in this place.
 G = Mean time per level.
                   A        B        C        D        E       F      G
               +--------+--------+--------+--------+--------+-----+--------+
         Total |    152 |    152 |      0 |     37 |     60 |   1 |  152.0 |
       Dungeon |    152 |    152 |      0 |     37 |     60 |   1 |  152.0 |
               +--------+--------+--------+--------+--------+-----+--------+

Top non-repeatable levels by time:
     D:1: 152 daAuts
